 Dungeon Crawl Stone Soup version 0.27.0-1-g7a089689b8 (webtiles) character file.

Game seed: 11833927617935030987

175 ZombieSheep the Caller (level 5, 0/37 HPs)
             Began as a Gnoll Summoner on Aug 7, 2021.
             Slain by a centaur (5 damage)
             ... on level 3 of the Dungeon.
             The game lasted 00:06:53 (2797 turns).

ZombieSheep the Caller (Gnoll Summoner)             Turns: 2797, Time: 00:06:54

Health: 0/37       AC:  5    Str:  7    XL:     5   Next: 55%
Magic:  12/12      EV: 13    Int: 15    God:
Gold:   163        SH:  0    Dex: 13    Spells: 10/14 levels left

rFire    . . .     SeeInvis .   f - +2 dagger (protect)
rCold    . . .     Faith    .   (no shield)
rNeg     . . .     Spirit   .   n - +0 leather armour {rPois}
rPois    +         Reflect  .   (no helmet)
rElec    .         Harm     .   (no cloak)
rCorr    .         Rampage  .   (no gloves)
Will     .....                  o - +1 pair of boots {Stlth+}
Stlth    +++.......             (no amulet)
HPRegen  0.12/turn              (no ring)
MPRegen  0.13/turn              (no ring)

@: flying
A: fangs 1, strong nose, distributed training
a: no special abilities


You were on level 3 of the Dungeon.
You visited 1 branch of the dungeon, and saw 3 of its levels.

You collected 163 gold pieces.

Inventory:

Hand Weapons
 c - a +0 dagger
 f - a +2 dagger of protection (weapon)
Missiles
 d - 54 stones
 h - 19 sling bullets
 i - 6 javelins (quivered)
Armour
 k - a +0 scale mail
 n - a +0 leather armour of poison resistance (worn)
 o - a +1 pair of boots of stealth (worn)
Scrolls
 a - a scroll of acquirement {unknown}
Potions
 b - 3 potions of flight
 e - a potion of resistance {unknown}
 g - 2 potions of cancellation {unknown}
 j - a potion of heal wounds {unknown}
 l - a potion of brilliance {unknown}
 m - a potion of degeneration {unknown}


   Skills:
 + Level 1.5 Fighting
 + Level 1.5 Short Blades
 + Level 1.5 Long Blades
 + Level 1.5 Axes
 + Level 1.5 Maces & Flails
 + Level 1.5 Polearms
 + Level 1.5 Staves
 + Level 1.5 Slings
 + Level 1.5 Bows
 + Level 1.5 Crossbows
 + Level 1.5 Throwing
 + Level 1.5 Armour
 + Level 4.8 Dodging
 + Level 4.4 Stealth
 + Level 1.5 Shields
 + Level 1.5 Unarmed Combat
 + Level 5.2 Spellcasting
 + Level 1.2 Conjurations
 + Level 1.2 Hexes
 + Level 7.2 Summonings
 + Level 1.2 Necromancy
 + Level 1.2 Translocations
 + Level 1.2 Transmutations
 + Level 1.2 Fire Magic
 + Level 1.2 Ice Magic
 + Level 1.2 Air Magic
 + Level 1.2 Earth Magic
 + Level 1.2 Poison Magic
 + Level 1.7 Invocations
 + Level 1.5 Evocations


You had 10 spell levels left.
You knew the following spells:

 Your Spells              Type           Power      Damage    Failure   Level
a - Summon Small Mammal   Summ           100%       N/A       1%          1
b - Call Canine Familiar  Summ           25%        N/A       3%          3

Your spell library contained the following spells:

 Spells                   Type           Power      Damage    Failure   Level
 Call Imp                 Summ           25%        N/A       1%          2
 Summon Guardian Golem    Hex/Summ       16%        N/A       12%         3
 Summon Lightning Spire   Summ/Air       16%        N/A       38%         4


Dungeon Overview and Level Annotations

Branches:
Dungeon (3/15)

Altars:

Shops:
D:2 (


Innate Abilities, Weirdness & Mutations

You have very sharp teeth.
Your uncanny sense of smell can sniff out nearby items.
Your experience applies equally to all skills.


Message History

The giant cockroach is moderately wounded.
The giant cockroach bites you but does no damage.
You hit the giant cockroach but do no damage.
The giant cockroach is moderately wounded.
The giant cockroach closely misses you.
You hit the giant cockroach but do no damage.
The giant cockroach is moderately wounded.
The giant cockroach bites you but does no damage.
You hit the giant cockroach but do no damage.
The giant cockroach is moderately wounded.
The giant cockroach bites you but does no damage. x2
You hit the giant cockroach but do no damage.
The giant cockroach is moderately wounded.
The giant cockroach bites you but does no damage.
You hit the giant cockroach but do no damage.
The giant cockroach is moderately wounded.
The giant cockroach bites you but does no damage.
You hit the giant cockroach.
The giant cockroach is heavily wounded.
The giant cockroach misses you.
You hit the giant cockroach.
You kill the giant cockroach!
No target in view!
A centaur comes into view.
You see here a giant cockroach corpse.
The centaur shouts!
The centaur wields a +0 shortbow.
The centaur shoots an arrow.
The arrow hits you!
The centaur shoots an arrow.
The arrow hits you!
The centaur shoots an arrow.
The arrow hits you!
* * * LOW HITPOINT WARNING * * *
You are too injured to fight recklessly!
You are too injured to fight recklessly!
Unknown command.
The centaur unwields a +0 shortbow.
The centaur barely misses you. The centaur closely misses you.
It was a potion of flight.
You feel very buoyant.
You fly up into the air.
The centaur hits you.
You die...

#.# #. #.# #.
#.######.##### ##<
#............##
..#.. #.........
...# #<...
##.#####.###..#
###.. #.# ....# ##.
#.#########..# ...
#.....†.....@#
∆#.##.
############.c......
# .. #.####### ###
#.. ####


You could see a centaur.

Vanquished Creatures
  A worm (D:2)
  An orc (D:3)
  6 ball pythons
  5 bats
  4 endoplasms
  3 giant cockroaches
  2 goblins (D:3)
  3 hobgoblins
  A jackal (D:2)
  4 quokkas
  2 frilled lizards (D:2)
  3 kobolds
  8 rats
43 creatures vanquished.

Vanquished Creatures (collateral kills)
  Sigmund (D:2)
  2 worms (D:2)
  5 orcs (D:2)
  2 endoplasms (D:1)
  2 giant cockroaches (D:2)
  A goblin (D:2)
  3 hobgoblins
  5 jackals
  3 kobolds
  A ball python (D:1)
  3 bats (D:2)
  A frilled lizard (D:2)
  A rat (D:1)
30 creatures vanquished.

Grand Total: 73 creatures vanquished

Notes
Turn   | Place    | Note
-------+----------+-------------------------------------------
     0 | D:1      | ZombieSheep the Gnoll Summoner began the quest for the Orb.
     0 | D:1      | Reached XP level 1. HP: 13/13 MP: 6/6
   492 | D:1      | Reached XP level 2. HP: 19/19 MP: 7/7
   915 | D:1      | Reached XP level 3. HP: 25/25 MP: 7/9
   983 | D:1      | Reached skill level 5 in Spellcasting
  1009 | D:1      | Found a faded altar of an unknown god.
  1280 | D:1      | Learned a level 3 spell: Call Canine Familiar
  1526 | D:2      | Found Jokar's Weapon Boutique.
  1579 | D:2      | Reached skill level 1 in Invocations
  1704 | D:2      | Reached skill level 1 in Fighting
  1704 | D:2      | Reached skill level 1 in Short Blades
  1704 | D:2      | Reached skill level 1 in Long Blades
  1704 | D:2      | Reached skill level 1 in Axes
  1704 | D:2      | Reached skill level 1 in Maces & Flails
  1704 | D:2      | Reached skill level 1 in Polearms
  1704 | D:2      | Reached skill level 1 in Staves
  1704 | D:2      | Reached skill level 1 in Slings
  1704 | D:2      | Reached skill level 1 in Bows
  1704 | D:2      | Reached skill level 1 in Crossbows
  1704 | D:2      | Reached skill level 1 in Throwing
  1704 | D:2      | Reached skill level 1 in Armour
  1704 | D:2      | Reached skill level 1 in Shields
  1704 | D:2      | Reached skill level 1 in Unarmed Combat
  1704 | D:2      | Reached skill level 1 in Evocations
  1754 | D:2      | Noticed Sigmund
  1780 | D:2      | Killed Sigmund
  1781 | D:2      | Reached skill level 1 in Conjurations
  1781 | D:2      | Reached skill level 1 in Hexes
  1781 | D:2      | Reached skill level 1 in Necromancy
  1781 | D:2      | Reached skill level 1 in Translocations
  1781 | D:2      | Reached skill level 1 in Transmutations
  1781 | D:2      | Reached skill level 1 in Fire Magic
  1781 | D:2      | Reached skill level 1 in Ice Magic
  1781 | D:2      | Reached skill level 1 in Air Magic
  1781 | D:2      | Reached skill level 1 in Earth Magic
  1781 | D:2      | Reached skill level 1 in Poison Magic
  1781 | D:2      | Reached XP level 4. HP: 11/32 MP: 2/11
  1781 | D:2      | Reached XP level 5. HP: 13/37 MP: 2/12
  2790 | D:3      | Noticed a centaur
  2797 | D:3      | Slain by a centaur

Illustrated notes

Levels and vault maps discovered:
D:1:      minmay_arrival_split_and_join, layout_loops_ring,
          shapermc_ecumenical_altar_mp_vishouse, minivault_23
D:2:      layout_loops_ring, serial_shops, shop, kennysheep_another_room,
          uniq_sigmund
D:3:      layout_loops_ring, nemelex_dance_club_becter, minmay_joined_circles,
          uniq_grinder

Skill      XL: |  1  2  3 |
---------------+----------+-----
Spellcasting   | 5 |  5.2
Invocations    | 1 |  1.7
Fighting       | 1 |  1.5
Short Blades   | 1 |  1.5
Long Blades    | 1 |  1.5
Axes           | 1 |  1.5
Maces & Flails | 1 |  1.5
Polearms       | 1 |  1.5
Staves         | 1 |  1.5
Slings         | 1 |  1.5
Bows           | 1 |  1.5
Crossbows      | 1 |  1.5
Throwing       | 1 |  1.5
Armour         | 1 |  1.5
Shields        | 1 |  1.5
Unarmed Combat | 1 |  1.5
Evocations     | 1 |  1.5
Conjurations   | 1 |  1.2
Hexes          | 1 |  1.2
Necromancy     | 1 |  1.2
Translocations | 1 |  1.2
Transmutations | 1 |  1.2
Fire Magic     | 1 |  1.2
Ice Magic      | 1 |  1.2
Air Magic      | 1 |  1.2
Earth Magic    | 1 |  1.2
Poison Magic   | 1 |  1.2
Dodging        | |  4.8
Stealth        | |  4.4
Summonings     | |  7.2

Action                   |  1- 3 |  4- 6 || total
-------------------------+-------+-------++-------
Melee: Dagger            |    85 |    41 ||   126
       Bite              |     5 |       ||     5
       Unarmed           |     1 |       ||     1
       Punch             |     1 |       ||     1
Throw: Javelin           |     6 |       ||     6
       Stone             |     2 |       ||     2
 Cast: Summon Small Mamm |    14 |       ||    14
       Call Canine Famil |     8 |       ||     8
  Use: Scroll            |     1 |     2 ||     3
       Potion            |       |     1 ||     1
 Stab: Sleeping          |    10 |    13 ||    23
Armor: Robe              |    25 |     3 ||    28
       Leather armour    |       |     9 ||     9
Dodge: Dodged            |    79 |    12 ||    91
